 Dungeon Crawl Stone Soup version 0.28.0-1-gb440e238dd (webtiles) character file.

Game seed: 12765829414419693527

234 Kaptain the Digger (level 6, -1/38 HPs)
             Began as an Octopode Earth Elementalist on Feb 19, 2022.
             Slain by a black bear (4 damage)
             ... on level 3 of the Dungeon.
             The game lasted 00:08:11 (2438 turns).

Kaptain the Digger (Octopode Earth Elementalist)    Turns: 2438, Time: 00:08:11

Health: -1/38      AC:  1    Str:  7    XL:     6   Next: 5%
Magic:  10/10      EV: 13    Int: 19    God:
Gold:   151        SH:  0    Dex: 13    Spells: 7/11 levels left

rFire   . . .      SeeInvis +   f - +2 hand axe (pain)
rCold   . . .      Faith    .   (no shield)
rNeg    . . .      Spirit   .   (helmet restricted)
rPois   .          Reflect  .   (no amulet)
rElec   .          Harm     .   k - ring of see invisible
rCorr   .          Rampage  .   (no ring)
Will    .....                   (no ring)
Stlth   +++.......              (no ring)
HPRegen 0.12/turn               (no ring)
MPRegen 0.12/turn               (no ring)
                                (no ring)
                                (no ring)

@: no status effects
A: almost no armour, amphibious, 8 rings, camouflage 1, gelatinous body 1,
(nimble swimmer 1), tentacles
a: no special abilities


You were on level 3 of the Dungeon.
You visited 1 branch of the dungeon, and saw 3 of its levels.

You collected 151 gold pieces.

Inventory:

Hand Weapons
 a - a +0 short sword
 e - a +0 war axe
 f - a +2 hand axe of pain (weapon)
Missiles
 b - 63 stones
Jewellery
 k - a ring of see invisible (left tentacle)
Scrolls
 d - 2 scrolls of identify {unknown}
 g - a scroll of fear {unknown}
 h - a scroll of teleportation {unknown}
 i - a scroll of magic mapping {unknown}
Potions
 c - a potion of curing {unknown}
 j - a potion of haste {unknown}


   Skills:
 + Level 1.5 Fighting
 + Level 2.7 Dodging
 + Level 3.7 Stealth
 * Level 3.2 Spellcasting
 * Level 2.1 Conjurations
 - Level 1.0 Transmutations
 * Level 4.1 Earth Magic


You had 7 spell levels left.
You knew the following spells:

 Your Spells              Type           Power      Damage    Failure   Level
a - Sandblast             Erth           36%        2d10      2%          1
b - Stone Arrow           Conj/Erth      30%        3d8       12%         3

Your spell library contained the following spells:

 Spells                   Type           Power      Damage    Failure   Level
 Passwall                 Tmut/Erth      10%        N/A       8%          2
 Animate Skeleton         Necr           6%         N/A       16%         1
 Pain                     Necr           12%        1d4       16%         1
 Summon Guardian Golem    Hex/Summ       3%         N/A       41%         3
 Vampiric Draining        Necr           3%         2d6       41%         3
 Petrify                  Tmut/Erth      12%        N/A       45%         4
 Orb of Destruction       Conj           5%         9d5       100%        7
 Spellforged Servitor     Conj/Summ      3%         N/A       100%        7


Dungeon Overview and Level Annotations

Branches:
Dungeon (3/15)

Altars:

Annotations:
D:3 Terence


Innate Abilities, Weirdness & Mutations

You cannot wear most types of armour.
You are amphibious.
You can wear up to eight rings at the same time.
Your skin changes colour to match your surroundings (Stealth+).
Your rubbery body absorbs attacks. (AC +1, EV +1)
((You are camouflaged when in or above water. (Stealth+)))
You have tentacles for arms and can constrict up to eight enemies at once.


Message History

A goblin comes into view. It is wielding a +0 dagger.
The goblin shouts!
You hear an angry growl.
You hear a shout! x2
A giant cockroach comes into view.
A black bear comes into view.
The goblin hits you with a +0 dagger.
You hit the goblin. You grab the goblin. You squeeze the goblin.
You kill the goblin!
Terence and a hound come into view.
Found an escape hatch in the floor.
Things that are here:
a +0 dagger; a goblin corpse You hit the black bear.
Your grab misses the black bear.
The black bear is lightly wounded.
The black bear closely misses you. The black bear claws you.
The black bear barely misses you.
The giant cockroach waves its antennae.
The black bear misses you. The black bear claws you. x2
You hit the black bear. Your grab misses the black bear.
You squeeze the black bear, but do no damage.
The black bear is lightly wounded.
The black bear bites you but does no damage.
The black bear claws you but does no damage.
The black bear claws you.
You hit the black bear but do no damage.
You grab the black bear. You squeeze the black bear.
The black bear is lightly wounded.
You constrict the black bear, but do no damage.
The black bear bites you. The black bear claws you.
The black bear barely misses you.
You hit the black bear.
The black bear is lightly wounded.
You constrict the black bear, but do no damage.
The black bear bites you. The black bear completely misses you.
The black bear claws you.
* * * LOW HITPOINT WARNING * * *
Unknown command.
You release your grip on the black bear.
The black bear bites you!
* * * LOW HITPOINT WARNING * * *
The black bear claws you.
You die...

....
##..######.
#.....>....
#).# ##.##
#.## #B@# #...
##h# #..######
#h## #..#....#
#.@# #..#.##.#
##.###..#.#..#
#..##.†#)#.<#
##.##....####
#..#.#.......#
##.#.#.#######
#.#.#.#
#)..#.#
##..#.#


You could see a black bear, Terence, a hound and a giant cockroach.

Vanquished Creatures
  Sigmund (D:2)
  A hound skeleton (D:2)
  An adder (D:2)
  A dart slug (D:2)
  An orc (D:3)
  4 ball pythons
  7 endoplasms
  4 giant cockroaches
  5 goblins
  2 hobgoblins (D:1)
  8 kobolds
  2 quokkas
  3 bats
  3 frilled lizards
  9 rats
52 creatures vanquished.

Notes
Turn   | Place    | Note
-------+----------+-------------------------------------------
     0 | D:1      | Kaptain the Octopode Earth Elementalist began the quest for
                  | the Orb.
     0 | D:1      | Reached XP level 1. HP: 11/11 MP: 3/3
   443 | D:1      | Reached XP level 2. HP: 17/17 MP: 3/5
   757 | D:1      | Found a faded altar of an unknown god.
   976 | D:1      | Reached XP level 3. HP: 14/22 MP: 6/6
   980 | D:1      | Learned a level 3 spell: Stone Arrow
  1933 | D:2      | Reached XP level 4. HP: 20/27 MP: 8/8
  1942 | D:2      | Reached skill level 1 in Conjurations
  2228 | D:2      | Noticed Sigmund
  2238 | D:2      | Killed Sigmund
  2239 | D:2      | Reached skill level 1 in Fighting
  2239 | D:2      | Reached skill level 4 in Earth Magic
  2239 | D:2      | Reached XP level 5. HP: 22/33 MP: 9/9
  2239 | D:2      | Reached XP level 6. HP: 26/38 MP: 10/10
  2427 | D:3      | Noticed a black bear
  2429 | D:3      | Noticed Terence
  2438 | D:3      | Slain by a black bear

Illustrated notes

Levels and vault maps discovered:
D:1:      lemuel_arrival_behind_the_door_large, layout_basic,
          shapermc_ecumenical_altar_acropolis
D:2:      layout_rooms, hangedman_abyss_or_decor_lesser_grid,
          minmay_fractal_squares_5, uniq_sigmund
D:3:      layout_basic, jmf_multi_god_temple2, uniq_crazy_yiuf_cottage,
          uniq_jessica, uniq_terence

Skill      XL: |  1  2  3  4 |
---------------+-------------+-----
Stealth        | 3 |  3.7
Conjurations   | 2 |  2.1
Fighting       | 1 |  1.5
Spellcasting   | 3 |  3.2
Earth Magic    | 4 |  4.1
Dodging        | |  2.7
Transmutations | |  1.0

Action                   |  1- 3 |  4- 6 || total
-------------------------+-------+-------++-------
Melee: Unarmed           |    13 |       ||    13
       Tentacles         |    12 |     6 ||    18
       Constrict         |    13 |     5 ||    18
       Short sword       |    15 |       ||    15
       Punch             |     2 |     1 ||     3
       Hand axe          |    23 |    26 ||    49
       War axe           |     5 |       ||     5
 Cast: Sandblast         |    20 |       ||    20
 Stab: Sleeping          |     8 |     2 ||    10
Armor: Skin              |     6 |     2 ||     8
Dodge: Dodged            |    35 |    18 ||    53
